 Dungeon Crawl Stone Soup version 0.20.1-1-g8b1a95d (webtiles) character file.

74 nibbalover69 the Skirmisher (level 4, -4/36 HPs)
             Began as a Human Berserker on Sept 25, 2017.
             Was a Believer of Trog.
             Slain by a shadow imp (5 damage)
             ... summoned by Natasha
             ... on level 2 of the Dungeon.
             The game lasted 00:10:48 (1910 turns).

nibbalover69 the Skirmisher (Human Berserker)       Turns: 1910, Time: 00:10:48

Health: -4/36      AC:  5    Str: 18    XL:     4   Next: 54%
Magic:  4/4        EV: 11    Int:  8    God:    Trog [**....]
Gold:   111        SH:  0    Dex: 12    Spells: 3/3 levels left

rFire    . . .     SeeInvis .   (no weapon)
rCold    . . .     Gourm    .   (no shield)
rNeg     . . .     Faith    .   o - +0 ring mail
rPois    .         Spirit   .   (no helmet)
rElec    .         Reflect  .   (no cloak)
rCorr    .         Harm     .   (no gloves)
MR       .....                  (no boots)
Stlth    +.........             (no amulet)
Regen    0.2/turn               (no ring)
MPRegen  0.1/turn               (no ring)

@: no status effects
A: no striking features
a: Berserk, Trog's Hand, Burn Spellbooks, Renounce Religion


You were on level 2 of the Dungeon.
You worshipped Trog.
Trog was pleased with you.
You were very hungry.

You visited 1 branch of the dungeon, and saw 2 of its levels.

You collected 111 gold pieces.

Inventory:

Hand Weapons
 m - a cursed -2 hunting sling
Missiles
 l - 29 stones (quivered)
Armour
 o - a +0 ring mail (worn)
Scrolls
 e - 3 scrolls of teleportation {unknown}
 f - a scroll of recharging {unknown}
 g - a scroll of remove curse {unknown}
 j - 2 scrolls of identify {unknown}
Potions
 h - 2 potions of resistance {unknown}
 k - a potion of flight {unknown}
 n - a potion of curing {unknown}
 p - a potion of agility {unknown}
Comestibles
 c - 2 bread rations


   Skills:
 + Level 3.6 Fighting
   Level 1.7 Short Blades
   Level 3.3 Axes
 + Level 2.5 Armour
 + Level 2.2 Dodging
 + Level 0.4 Stealth


You had 3 spell levels left.
You didn't know any spells.

Dungeon Overview and Level Annotations

Branches:
Dungeon (2/15)

Altars:

Annotations:
D:2 Natasha


Message History

You closely miss Natasha. Natasha claws you!
The shadow imp completely misses you.
You hit Natasha.
Natasha is lightly wounded.
Natasha claws you. The shadow imp closely misses you.
Natasha stares at you and mumbles some strange words.
The magic dart hits you!
* * * LOW HITPOINT WARNING * * *
You hit the shadow imp.
The shadow imp is moderately wounded.
Natasha mumbles some strange words.
The shadow imp gestures at you. Pain shoots through your body!
* * * LOW HITPOINT WARNING * * *
You hit the shadow imp but do no damage.
The shadow imp is moderately wounded.
The shadow imp closely misses you.
You barely miss the shadow imp.
The shadow imp is moderately wounded.
The shadow imp hits you.
You die...

#########
#.......#
#.......#
#.......#
######.......#
#####............#
#5h5@.####.[.....#
........#####
#.....>.#
######...
#.......####
#.....
#####.......
#......# #.......
#..##.### #.......
#..# #.. #.......
### #.. #.†.....
##.†####


You could see Natasha, a crimson imp and a shadow imp.

Vanquished Creatures
  Natasha (D:2)
  2 adders (D:2)
  3 dart slugs
  A leopard gecko (D:2)
  7 bats
  4 goblins (D:1)
  3 hobgoblins
  A kobold (D:1)
  3 frilled lizards (D:1)
  5 rats
30 creatures vanquished.

Notes
Turn   | Place    | Note
-------+----------+-------------------------------------------
     0 | D:1      | nibbalover69 the Human Berserker began the quest for the Orb.
     0 | D:1      | Reached XP level 1. HP: 18/18 MP: 1/1
   454 | D:1      | Reached XP level 2. HP: 21/24 MP: 2/2
  1161 | D:1      | Reached XP level 3. HP: 28/29 MP: 3/3
  1513 | D:2      | Reached skill level 1 in Short Blades
  1629 | D:2      | Reached ** piety under Trog
  1740 | D:2      | Noticed Natasha
  1754 | D:2      | Killed Natasha
  1754 | D:2      | Reached XP level 4. HP: 24/36 MP: 4/4
  1893 | D:2      | Noticed Natasha
  1908 | D:2      | HP: 1/36 [shadow imp/nerve-wracking pain[Natasha] (3)]
  1910 | D:2      | Slain by a shadow imp

Skill      XL: |  1  2  3 |
---------------+----------+-----
Short Blades   | 1 |  1.7
Fighting       | |  3.6
Axes           | |  3.3
Armour         | |  2.5
Dodging        | |  2.2
Stealth        | |  0.4

Action                   |  1- 3 |  4- 6 || total
-------------------------+-------+-------++-------
Melee: Hand axe          |    16 |       ||    16
       Short sword       |    75 |     3 ||    78
       Unarmed           |       |    10 ||    10
  Eat: Chunk             |     2 |       ||     2
Armor: Animal skin       |    10 |       ||    10
       Ring mail         |    42 |     3 ||    45
Dodge: Dodged            |    83 |     8 ||    91
